 Dungeon Sprint DCSS version 0.16.2-2-g470672f (webtiles) character file.

23 ericwiseman123 the Chopper (level 3, -2/55 HPs)
             Began as a Hill Orc Berserker on Aug 28, 2015.
             Was a Priest of Trog.
             Slain by a gnoll
             ... wielding a cursed -2 flail
              (7 damage)
             ... in the Dungeon (Sprint VII: "The Pits").
             The game lasted 00:00:57 (545 turns).

ericwiseman123 the Chopper (Hill Orc Berserker)      Turns: 545, Time: 00:00:59

Health: -2/55      AC:  2    Str: 25    XL:     3   Next: 0%
Magic:  3/3        EV: 12    Int:  7    God:    Trog [***...]
Gold:   0          SH:  0    Dex: 10    Spells: 0 memorised, 2 levels left

rFire  . . .     SeeInvis .     j - +2 hand axe
rCold  . . .     Clarity  .     b - +0 animal skin
rNeg   . . .     SustAb   .     (no shield)
rPois  .         Gourm    .     (no helmet)
rElec  .         Spirit   .     (no cloak)
rCorr  .         Warding  .     (no gloves)
rMut   .         NoTele   +     (no boots)
MR     .....                    (no amulet)
Stlth  ..........               (no ring)
                                (no ring)

@: berserking, lethally poisoned (-2 -> -4), very quick, not resistant to
hostile enchantments, extremely unstealthy
A: no striking features
a: Burn Spellbooks, Berserk, Trog's Hand, Renounce Religion


You were in the Dungeon.
You worshipped Trog.
Trog was most pleased with you.
You were not hungry.

You visited 1 branch

Inventory:

Hand weapons
 a - a +0 hand axe
 j - a +2 hand axe (weapon)
 k - a +2 dagger of holy wrath
Missiles
 q - 10 stones (quivered)
Armour
 b - a +0 animal skin (worn)
Scrolls
 i - a scroll of blinking
 o - 3 scrolls of remove curse
 p - a scroll of summoning
Potions
 d - a potion of curing
 e - a potion of heal wounds
 f - a potion of haste
 g - 4 potions of magic
 h - 3 potions of berserk rage
 n - 2 potions of invisibility
Comestibles
 c - 8 meat rations
 l - 40 fruits
 m - 7 bread rations


   Skills:
 + Level 5.7 Fighting
 + Level 5.9 Axes
 + Level 2.5 Armour
 + Level 2.3 Dodging


You had 2 spell levels left.
You didn't know any spells.

Dungeon Overview and Level Annotations

Branches:
Dungeon (1/1)

Altars:
Dithmenos
Kikubaaqudgha
Makhleb
Nemelex Xobeh
Ru
Sif Muna
Trog
Xom
Yredelemnul
Zin
The Shining One
Jiyva
Lugonu


Message History

The gnoll sergeant hits you from afar with a spear of venom.
You are poisoned.
You hit the gnoll.
The gnoll is lightly wounded.
You hit the gnoll.
The gnoll is severely wounded.
You feel sick.
The gnoll hits you from afar with a spear.
* * * LOW HITPOINT WARNING * * *
The gnoll closely misses you. The gnoll hits you.
* * * LOW HITPOINT WARNING * * *
The gnoll sergeant closely misses you.
Use which ability? (? or * to list)
A red film seems to cover your vision as you go berserk!
You feel yourself moving faster!
You feel mighty!
You feel somewhat more hungry.
You feel sick.
The gnoll hits you from afar with a spear.
* * * LOW HITPOINT WARNING * * *
The gnoll hits you with a flail!
You die... _____

#####'#############
#.))'.'..##........
#).)#.#?|##......#.
#######'#####........
#...........'........
#+#####'#####......#.
#..#.)#..##........
#.@g..'..#####'####
##g####+###.......#
#gggo....##.......#
#.gg.Z...##.......#
#####+#####...<...#
#.......# #.......#
#.......# #########


You could see a gnoll sergeant, 5 gnolls and a goblin.

Vanquished Creatures
  A gnoll (D)
  A giant mite (D)
  An adder zombie (D)
  A ball python (D)
  A quokka (D)
  A giant newt (D)
6 creatures vanquished.

Notes
Turn   | Place    | Note
--------------------------------------------------------------
     0 | D        | ericwiseman123, the Hill Orc Berserker, began the quest for the Orb.
     0 | D        | Reached XP level 1. HP: 19/19 MP: 1/1
    27 | D        | Found a sacrificial altar of Ru.
    27 | D        | Found a basalt altar of Yredelemnul.
    27 | D        | Found a shadowy altar of Dithmenos.
    27 | D        | Found a deep blue altar of Sif Muna.
    27 | D        | Found a burning altar of Makhleb.
    27 | D        | Found a shimmering altar of Xom.
    27 | D        | Found an ancient bone altar of Kikubaaqudgha.
    27 | D        | Found a sparkling altar of Nemelex Xobeh.
    29 | D        | Found a glowing golden altar of the Shining One.
    29 | D        | Found a glowing silver altar of Zin.
    44 | D        | Found a bloodstained altar of Trog.
    44 | D        | Found a corrupted altar of Lugonu.
    44 | D        | Found a viscous altar of Jiyva.
    65 | D        | Reached skill level 5 in Fighting
    65 | D        | Reached skill level 5 in Axes
    65 | D        | Reached XP level 2. HP: 20/29 MP: 2/2
   265 | D        | Acquired Trog's second power
   421 | D        | Reached XP level 3. HP: 35/37 MP: 3/3
   539 | D        | Noticed a gnoll sergeant
   545 | D        | Slain by a gnoll

Action                   || total
-------------------------++-------
Melee: Hand axe          ||    25
Invok: Berserk           ||     1
